Map: Redshift LE

Players

Leon - Winner!

  • Race: Terran Terran
  • League: Diamond
  • Spawn Location: 11:00

Likeablock

  • Race: Zerg Zerg
  • League: Diamond
  • Spawn Location: 7:00

VOD

Have the link to the VOD?

Description

TvZ Rine all in

Time

  • Played on: Aug. 4, 2018, 5:11 a.m.
  • Length: 3:22
Show
View Real Time Build Order
Export as new Build Order

Leon Terran - Winner!

Build Orders:  

Get SALT Encoding   

  12  0:01  SCV  
  13  0:17  SCV  
  14  0:24  Supply Depot  
  14  0:29  SCV  
  15  0:45  SCV  
  15  0:46  Barracks  
  16  0:59  Barracks  
  16  1:13  Barracks  
  16  1:25  SCV  
  17  1:32  Supply Depot  
  17  1:33  Marine  
  18  1:45  Bunker  
  18  1:47  Marine  
  19  1:56  Marine  
  19  1:58  SCV  
  19  2:00  Bunker  
  21  2:04  Marine  
  21  2:05  Marine  
  23  2:14  Marine  
  24  2:22  Marine  
  24  2:23  Marine  
  26  2:32  Marine  
  26  2:35  Bunker  
  27  2:42  Marine x2  
  29  2:50  Marine  
  30  3:00  Marine  
  31  3:11  Supply Depot  
Show
View Real Time Build Order
Export as new Build Order

Likeablock Zerg 

Build Orders: 3 Hatch before Pool 

Get SALT Encoding   

  12  0:00  Drone  
  13  0:12  Overlord  
  13  0:16  Drone  
  14  0:30  Drone  
  14  0:31  Drone  
  14  0:34  Drone  
  17  0:54  Hatchery, Drone  
  17  1:16  Hatchery  
  17  1:17  Drone  
  17  1:21  Drone  
  18  1:34  Spawning Pool  
  18  1:37  Extractor  
  18  1:39  Drone  
  17  1:41  Drone  
  17  1:45  Drone  
  19  1:50  Drone  
  20  2:02  Drone  
  21  2:11  Drone  
  21  2:12  Drone  
  23  2:18  Drone  
  25  2:28  Zergling x4  
  27  2:33  Overlord  
  27  2:40  Overlord  
  28  3:03  Overlord  
  28  3:04  Overlord  
Tags
 
Add a new tag
Caveats
  • Supply blocks, unpowered buildings, or Contaminate may cause inaccurate times.
  • Supply counts are checked every 10 seconds.